Unix NetHack Version 5.0.0-0 post-release - last build May  4 2026 22:22:43 (774f63e81ad911689b3a0859ea89b322d5daca8d,branch:main).

Game began 2026-05-10 11:17:21, ended 2026-05-10 11:36:50.

CaptainEquinox, neutral male human Priest

                                                          .
                                                          @.
                                                           [

CaptainEquinox the Acolyte   St:13 Dx:14 Co:10 In:8 Wi:18 Ch:11  Neutral
Dlvl:5  $:264 HP:22(32) Pw:50(50) AC:-3 Xp:4 T:1435  Satiated Blind

Latest messages:
 You haven't been working on reflexes lately.
 You descend the stairs.
 It misses.
 You hear some noises.
 You climb up the stairs.
 Are you sure you want to pray? [yn] (n) y
 You begin praying to Raijin.
 You finish your prayer.
 You feel that Raijin is well-pleased.
 You descend the stairs.
 You try to feel what is lying here on the stairs.
 There is a branch staircase up to the Dungeons of Doom here.
 You feel here a dagger.
 It misses.
 It misses!
 You hit it.
 You have a sad feeling for a moment, then it passes.
 You hear crashing rock.
 It misses!
 It misses!
 It hits!
 You kill it!
 It misses!
 It misses!
 You miss it.
 You hit it.
 You hear a chugging sound.
 It misses!
 You miss it.
 It misses!
 You miss it.
 It hits!
 You miss it.
 It misses.
 You kill it!
 You are hit!
 It misses.
 You try to feel what is lying here on the floor.
 Wait!  There's something there you can't see!
 You kill it!
 You try to feel what is lying here on the stairs.
 There is a branch staircase up to the Dungeons of Doom here.
 There are several objects here.
 What do you want to ready? [$k or ?*] <esc>
 Never mind.
 Really quit without saving? [yn] (n) y
 Do you want your possessions identified? [ynq] (y) y
 Do you want to see your attributes? [ynq] (y) y
 Do you want an account of creatures vanquished? [ynaq] (y) y
 Do you want to see your conduct and achievements? [ynq] (y) q

Inventory:
 Coins    ('$')
  $ - 264 gold pieces
 Weapons  (')')
  k - 7 +0 darts
  a - a blessed corroded +1 mace (weapon in right hand)
 Armor    ('[')
  z - a +0 orcish helm (being worn)
  c - a +0 small shield (being worn)
  r - a blessed +2 gray dragon scale mail (being worn)
 Comestibles  ('%')
  e - 2 cloves of garlic
  A - a lembas wafer
  f - a sprig of wolfsbane
 Scrolls  ('?')
  v - a blessed scroll of identify
 Potions  ('!')
  D - a potion of object detection
  d - 4 potions of holy water
 Wands    ('/')
  s - a wand of undead turning (0:4)
 Tools    ('(')
  x - a leash

CaptainEquinox the Priest's attributes:

Background:
 You were an Acolyte, a level 4 human Priest.
 You were neutral, on a mission for Raijin
 who was opposed by Amaterasu Omikami (lawful) and Susanowo (chaotic).
 You were right-handed.
 You were in the Gnomish Mines, on level 5.
 You entered the dungeon 1435 turns ago.
 You had 123 experience points, 37 more were needed to attain level 5.

Basics:
 You had 22 out of 32 hit points.
 You had all 50 energy points (spell power).
 Your armor class was -3.
 Your wallet contained 264 zorkmids.
 Autopickup was off.

Final Characteristics:
 Your strength was 13 (limit:18/100).
 Your dexterity was 14 (peak:15, limit:18).
 Your constitution was 10 (limit:18).
 Your intelligence was 8 (limit:18).
 Your wisdom was 18 (limit:18).
 Your charisma was 11 (limit:18).

Final Status:
 You were temporarily blind.
 You were satiated.
 You were unencumbered.
 You were wielding a mace.
 You had basic skill with mace.

Final Attributes:
 You were devoutly aligned.
 You were magic-protected.
 You were poison resistant.
 You survived.

Miscellaneous:
 You didn't encounter any bones levels.
 Total elapsed playing time was 19 minutes and 27 seconds.

Major events:
 Turn
    1: CaptainEquinox the neutral human Priest entered the dungeon
  456: made his first wish - "blessed +2 gray dragon scale mail", got "a blessed gray dragon scale mail"
  633: attained the rank of Acolyte (level 3)
 1409: entered the Gnomish Mines
 1435: quit

Spells:
 Name                 Level Category     Fail Retention
 protection             1   clerical      22%  91%-100%
 light                  1   clerical      22%  91%-100%

Skills:
 Fighting Skills
   bare handed combat [Unskilled]
 Weapon Skills
   club               [Unskilled]
   mace               [Basic]
   morning star       [Unskilled]
   flail              [Unskilled]
   hammer             [Unskilled]
   quarterstaff       [Unskilled]
   polearms           [Unskilled]
   spear              [Unskilled]
   trident            [Unskilled]
   lance              [Unskilled]
   bow                [Unskilled]
   sling              [Unskilled]
   crossbow           [Unskilled]
   dart               [Unskilled]
   shuriken           [Unskilled]
   boomerang          [Unskilled]
   unicorn horn       [Unskilled]
 Spellcasting Skills
   healing spells     [Unskilled]
   divination spells  [Unskilled]
   clerical spells    [Basic]

Voluntary challenges:
 Character rerolling was not enabled.
 You never genocided any monsters.
 You never polymorphed an object.
 You never changed form.
 You used 1 wish.
 You did not wish for any artifacts.
Achievements:
 You entered a shop.
 You attained the rank of Acolyte.
 You entered the Gnomish Mines.

 The Dungeons of Doom: levels 1 to 4
    Level 1:
    Level 2:
       A general store.
    Level 3:
       A scroll shop, a fountain.
    Level 4:
       Some fountains.
       Stairs down to The Gnomish Mines.
 The Gnomish Mines:
    Level 5: <- You were here.


Vanquished creatures:
  a gnome leader
  a kitten
  a dwarf
  4 iguanas
  2 acid blobs
  a hobgoblin
  2 cave spiders
  a gnome
  4 jackals
  a fox
  a kobold
  a goblin
  a sewer rat
  3 grid bugs
  a bat
  6 lichens
  a kobold zombie
  3 newts
35 creatures vanquished.

No species were genocided or became extinct.

Goodbye CaptainEquinox the Priest...

You quit in The Gnomish Mines on dungeon level 5 with 976 points,
and 264 pieces of gold, after 1435 moves.
You were level 4 with a maximum of 32 hit points when you quit.

